 Dungeon Crawl Stone Soup version 0.20.1-1-g8b1a95d (webtiles) character file.

5772 vatarom the Slinger (level 11, -3/115 HPs)
             Began as a Halfling Hunter on Oct 20, 2017.
             Was an Initiate of Dithmenos.
             Slain by an elephant (5 damage)
             ... on level 9 of the Dungeon.
             The game lasted 00:24:48 (9605 turns).

vatarom the Slinger (Halfling Hunter)               Turns: 9605, Time: 00:24:49

Health: -3/115     AC: 29    Str: 20    XL:     11   Next: 6%
Magic:  0/14       EV:  3    Int:  9    God:    Dithmenos [......]
Gold:   310        SH:  0    Dex: 17    Spells: 10/10 levels left

rFire    . . .     SeeInvis .   a - +1 hunting sling
rCold    . . .     Gourm    .   (shield restricted)
rNeg     + + +     Faith    .   (armour currently unavailable)
rPois    +         Spirit   +   (helmet currently unavailable)
rElec    .         Reflect  .   (cloak currently unavailable)
rCorr    +         Harm     .   (gloves currently unavailable)
MR       .....     NoTele   +   (boots currently unavailable)
Stlth    +++.......             k - amulet of guardian spirit
Regen    0.3/turn               u - ring of resist corrosion
MPRegen  0.2/turn               y - +4 ring of protection

@: mighty, tree-form
A: mutation resistance 1
a: Renounce Religion


You were on level 9 of the Dungeon.
You worshipped Dithmenos.
Dithmenos was noncommittal.
You were not hungry.
You were a tree.
You visited 2 branches of the dungeon, and saw 10 of its levels.
You also visited: Sewer.

You collected 442 gold pieces.
You spent 132 gold pieces at shops.

Inventory:

Hand Weapons
 a - a +1 hunting sling (weapon)
 b - a +0 long sword
Missiles
 e - 152 stones (quivered)
 h - 5 tomahawks
Armour
 j - a scarf of resistance (melded)
 s - a +2 pair of gloves (melded)
 D - +0 steam dragon scales (melded)
Jewellery
 k - an amulet of guardian spirit (around neck)
 u - a ring of resist corrosion (left branch)
 y - a +4 ring of protection (right branch)
Wands
 d - a wand of enslavement (5/24)
 t - a wand of disintegration (1/24)
 z - a wand of enslavement (10/24)
 C - a wand of random effects (33/48)
 E - a wand of iceblast (3/15)
 G - a wand of random effects (31/48)
 I - a wand of paralysis (0/24)
Scrolls
 l - 3 scrolls of teleportation
 m - 3 scrolls of magic mapping
 n - 3 scrolls of immolation
 o - a scroll of fear
 q - 2 scrolls of amnesia
 r - 3 scrolls of remove curse
 v - a scroll of blinking
 H - a scroll of recharging
Potions
 x - a potion of magic
 A - 2 potions of agility
Comestibles
 f - 3 bread rations
 g - 5 royal jellies
 p - 5 meat rations
 w - 6 fruits


   Skills:
 + Level 7.8 Fighting
 + Level 12.0 Slings
 - Level 8.5 Armour
 - Level 5.4 Dodging
 + Level 4.3 Stealth
 * Level 5.0 Evocations


You had 10 spell levels left.
You didn't know any spells.

Dungeon Overview and Level Annotations

Branches:
Dungeon (9/15)             Temple (1/1) D:7            Lair (0/6) D:9
    Orc: D:9-12

Altars:
Ashenzari
Cheibriados
Dithmenos
Elyvilon
Fedhas
Gozag
Hepliaklqana
Kikubaaqudgha
Makhleb
Nemelex Xobeh
Okawaru
Qazlal
Ru
Sif Muna
Trog
Vehumet
Xom
Yredelemnul
Zin
The Shining One

Shops:
D:4 ?   D:5 [   D:8 ((*=}

Annotations:
D:5 hilaritas's ghost, novice SpCj
D:9 Prince Ribbit


Innate Abilities, Weirdness & Mutations

You are small and have problems with some larger weapons.
You are somewhat resistant to further mutation.


Message History

Press: ? - help, Shift-Dir - straight line, f/p - elephant
Aim: an elephant (severely wounded)
You shoot a stone. The stone hits the elephant.
The elephant is almost dead.
The elephant tramples you.
* * * LOW HITPOINT WARNING * * *
The elephant trunk-slaps you but does no damage.
Firing (i - inventory. (,) - cycle):
e - 153 stones (quivered)
Press: ? - help, Shift-Dir - straight line, f/p - elephant
Aim: an elephant (almost dead)
You shoot a stone. The stone hits the elephant.
The elephant is almost dead.
The elephant tramples you!
* * * LOW HITPOINT WARNING * * *
The elephant trunk-slaps you.
* * * LOW HITPOINT WARNING * * *
It was a potion of might.
You feel very mighty all of a sudden. The elephant tramples you.
You die...

#######........#.(P....#
#..#######.(..(..## #..#
#.....(...# #..#
##.........## #..#
#.....>.....#
#..#####...........#
.....................
......#Y.P....#....
......#♣..)P..#####
##### ##.....## ##...##
##...# ...# ...# ..# .#


You could see an elephant.

Vanquished Creatures
  3 two-headed ogres
  The ghost of tarantulino the Carver, a novice NaGl of Nemelex Xobeh (D:6)
  The ghost of tarantulino the Slasher, a novice HuWr (Sewer)
  Grinder (D:3)
  Sigmund (D:4)
  A yak (D:9)
  A wyvern (D:8)
  A steam dragon (D:7)
  Menkaure (D:6)
  Edmund (D:4)
  2 orc warriors
  2 sky beasts
  A phantom (D:5)
  An ice beast (D:7)
  A centaur (D:9)
  3 ogres
  A big kobold (D:8)
  4 bullfrogs
  2 howler monkeys
  3 crimson imps
  A jelly (D:7)
  7 orc wizards
  4 orc priests
  A hound (D:5)
  An iguana (D:8)
  2 worker ants
  A hound skeleton (D:6)
  A howler monkey zombie (D:6)
  Robin (D:2)
  A gnoll (D:1)
  2 howler monkey skeletons
  4 adders
  3 shadow imps
  2 oozes
  An adder zombie (D:5)
  An adder skeleton (D:6)
  7 worms
  4 dart slugs
  5 leopard geckos
  30 orcs
  5 giant cockroaches
  11 goblins
  8 hobgoblins
  12 jackals
  20 kobolds
  4 quokkas
  5 ball pythons
  12 bats
  11 frilled lizards
  2 jackal skeletons
  A leopard gecko skeleton (D:4)
  10 rats
  A plant (Sewer)
213 creatures vanquished.

Vanquished Creatures (others)
  A kobold (D:3)
  A plant (Sewer)
2 creatures vanquished.

Grand Total: 215 creatures vanquished

Notes
Turn   | Place    | Note
-------+----------+-------------------------------------------
     0 | D:1      | vatarom the Halfling Hunter began the quest for the Orb.
     0 | D:1      | Reached XP level 1. HP: 14/14 MP: 1/1
   195 | D:1      | Reached skill level 6 in Slings
   213 | D:1      | Reached XP level 2. HP: 15/19 MP: 2/2
   237 | D:1      | Reached XP level 3. HP: 2/24 MP: 3/3
   862 | D:2      | Reached XP level 4. HP: 11/30 MP: 4/4
  1141 | D:2      | Noticed Robin
  1153 | D:2      | Killed Robin
  1196 | D:2      | Found a basalt altar of Yredelemnul.
  1424 | D:2      | Found a sparkling altar of Nemelex Xobeh.
  1541 | D:2      | Found a shattered altar of Ashenzari.
  1712 | D:2      | Reached XP level 5. HP: 30/36 MP: 5/5
  1747 | D:2      | Noticed a moth of wrath
  1750 | D:2      | Found a bloodstained altar of Trog.
  1773 | D:2      | Reached skill level 7 in Slings
  2095 | D:3      | Noticed Grinder
  2097 | D:3      | Paralysed by Grinder for 7 turns
  2126 | D:3      | Paralysed by Grinder for 7 turns
  2876 | D:3      | Paralysed by Grinder for 5 turns
  2923 | D:3      | Killed Grinder
  2923 | D:3      | Reached skill level 8 in Slings
  2923 | D:3      | Reached XP level 6. HP: 17/42 MP: 6/6
  3119 | D:4      | Reached XP level 7. HP: 40/46 MP: 7/7
  3183 | D:4      | Found Xydgh's Magic Scroll Emporium.
  3278 | D:4      | Reached skill level 9 in Slings
  3453 | D:4      | Found a bloodstained altar of Trog.
  3716 | D:4      | Found a hazy altar of Hepliaklqana.
  3751 | D:4      | Found a stormy altar of Qazlal.
  3881 | D:4      | Noticed Edmund
  3896 | D:4      | Killed Edmund
  3924 | D:4      | Noticed Sigmund
  3935 | D:4      | Killed Sigmund
  3935 | D:4      | Reached skill level 10 in Slings
  3935 | D:4      | Reached skill level 5 in Dodging
  3935 | D:4      | Reached XP level 8. HP: 42/54 MP: 8/8
  4089 | D:5      | Entered Level 5 of the Dungeon
  4095 | D:5      | Found Nyvam's Armour Emporium.
  4177 | D:5      | Noticed a hippogriff
  4225 | D:5      | Noticed hilaritas's ghost (novice SpCj)
  4593 | D:5      | Found an ancient bone altar of Kikubaaqudgha.
  4840 | D:5      | Reached skill level 1 in Armour
  4892 | D:5      | Reached skill level 11 in Slings
  5128 | D:6      | Found an opulent altar of Gozag.
  5144 | D:6      | Reached skill level 5 in Fighting
  5184 | D:6      | Found a radiant altar of Vehumet.
  5328 | D:6      | Found a glowing drain.
  5346 | D:6      | Noticed tarantulino's ghost (novice NaGl)
  5361 | Sewer    | Entered a sewer
  5481 | Sewer    | Noticed tarantulino's ghost (novice HuWr)
  5529 | Sewer    | Killed tarantulino's ghost
  5529 | Sewer    | Reached XP level 9. HP: 6/61 MP: 9/9
  6587 | D:6      | Killed tarantulino's ghost
  6810 | D:6      | Found a shimmering altar of Xom.
  6843 | D:6      | Noticed Menkaure
  6847 | D:6      | Killed Menkaure
  7681 | D:7      | Found a staircase to the Ecumenical Temple.
  7717 | D:7      | Reached XP level 10. HP: 69/69 MP: 10/10
  7743 | Temple   | Entered the Ecumenical Temple
  8351 | D:8      | Found Tileil's Gadget Shop.
  8391 | D:8      | Reached skill level 1 in Evocations
  8475 | D:8      | Noticed a two-headed ogre
  8531 | D:8      | Killed a two-headed ogre
  8658 | D:8      | Found Hacs's Jewellery Boutique.
  8691 | D:8      | Found Niurgh's Antique Weapon Emporium.
  8759 | D:8      | Found Sopuro's Weapon Emporium.
  8789 | D:8      | Bought 22 sling bullets for 132 gold pieces
  8840 | D:8      | Found Hioxaump's General Store.
  8938 | D:8      | Found a white marble altar of Elyvilon.
  9087 | Temple   | Became a worshipper of Dithmenos the Shadowed
  9226 | D:8      | Noticed a two-headed ogre
  9238 | D:8      | Killed a two-headed ogre
  9334 | D:9      | Noticed Prince Ribbit
  9340 | D:9      | Noticed a two-headed ogre
  9552 | D:9      | Noticed an elephant
  9560 | D:9      | Killed a two-headed ogre
  9560 | D:9      | Reached skill level 12 in Slings
  9560 | D:9      | Reached XP level 11. HP: 69/77 MP: 12/14
  9570 | D:9      | Found a staircase to the Lair.
  9583 | D:9      | Reached skill level 5 in Evocations
  9604 | D:9      | HP: 4/115 [elephant (9)]
  9605 | D:9      | Slain by an elephant

Skill      XL: |  1  2  3  4  5  6  7  8  9 10 11 |
---------------+----------------------------------+-----
Slings         | 6 8 10 11 12 | 12.0
Fighting       | 2 3 4 5 6 7 |  7.8
Dodging        | 3 4 5 |  5.4
Armour         | 4 7 8 |  8.5
Evocations     | 4 5 |  5.0
Stealth        | 4 |  4.3

Action                   |  1- 3 |  4- 6 |  7- 9 | 10-12 || total
-------------------------+-------+-------+-------+-------++-------
Melee: Short sword       |    58 |     8 |       |       ||    66
       Long sword        |       |   119 |    90 |    32 ||   241
 Fire: Hunting sling     |    31 |    98 |   353 |   231 ||   713
Evoke: Wand              |       |     2 |     1 |    22 ||    25
  Use: Scroll            |       |     5 |     7 |     6 ||    18
       Potion            |       |     8 |     3 |     4 ||    15
 Stab: Sleeping          |     2 |     2 |       |       ||     4
       Paralysed         |       |       |       |     8 ||     8
  Eat: Chunk             |       |     3 |     5 |     1 ||     9
       Bread ration      |       |     1 |     2 |     1 ||     4
       Royal jelly       |       |       |     1 |       ||     1
Armor: Leather armour    |    13 |    42 |    49 |       ||   104
       Steam dragon scal |       |       |     4 |    36 ||    40
       Skin              |       |       |       |    10 ||    10
Dodge: Dodged            |    75 |   147 |   176 |   127 ||   525
       Rpst.: Long sword |       |    42 |    26 |    10 ||    78
